 Dungeon Crawl Stone Soup version 0.22-a0-402-ga933591 (webtiles) character file.

135 GameOver the Sneak (level 5, -3/42 HPs)
             Began as a Naga Wizard on May 6, 2018.
             Was an Initiate of Kikubaaqudgha.
             Slain by a river rat (6 damage)
             ... on level 4 of the Dungeon.
             The game lasted 00:11:18 (1900 turns).

GameOver the Sneak (Naga Wizard)                    Turns: 1900, Time: 00:11:19

Health: -3/42      AC:  4    Str:  8 (9)  XL:     5   Next: 18%
Magic:  0/9        EV: 15    Int: 18 (20) God:    Kikubaaqudgha [......]
Gold:   125        SH:  0    Dex: 11 (14) Spells: 4/10 levels left

rFire    . . .     SeeInvis +   C - +0 spear
rCold    + . .     Gourm    .   (no shield)
rNeg     . . .     Faith    +   a - +0 robe
rPois    +         Spirit   .   H - +0 helmet
rElec    .         Reflect  .   (no cloak)
rCorr    .         Harm     .   e - +0 pair of gloves
MR       .....                  (no barding)
Stlth    ++++......             g - amulet of faith
HPRegen  0.14/turn              D - ring of protection from cold
MPRegen  0.11/turn              (no ring)

@: agile, hasted, quick
A: large, see invisible, deformed body, poison resistance, slowness 2, slow
metabolism 1, spit poison 1, AC +1
a: Spit Poison, Renounce Religion


You were on level 4 of the Dungeon.
You worshipped Kikubaaqudgha.
Kikubaaqudgha was noncommittal.
You were not hungry.

You visited 1 branch of the dungeon, and saw 4 of its levels.

You collected 125 gold pieces.

Inventory:

Hand Weapons
 c - a +0 short sword
 y - a +0 hunting sling
 C - a +0 spear (weapon)
Missiles
 f - 59 sling bullets
 r - 24 arrows
 t - 59 bolts
Armour
 a - a +0 robe (worn)
 e - a +0 pair of gloves (worn)
 j - a +0 leather armour
 z - a +0 shield
 H - a +0 helmet (worn)
Jewellery
 g - an amulet of faith (around neck)
 D - a ring of protection from cold (left hand)
Scrolls
 m - 3 scrolls of teleportation
 n - 4 scrolls of remove curse {unknown}
 o - 2 scrolls of blinking {unknown}
 q - 2 scrolls of immolation {unknown}
 s - a scroll of enchant weapon
 A - 2 scrolls of fear {unknown}
 E - 2 scrolls of fog
 G - a scroll of enchant armour
Potions
 u - a potion of agility
 w - a potion of curing {unknown}
 x - a potion of mutation {unknown}
Comestibles
 d - 6 rations


   Skills:
 - Level 1.5 Dodging
 + Level 4.9 Stealth
 - Level 3.0 Spellcasting
 * Level 3.7 Conjurations
   Level 1.0 Summonings
 + Level 0.9 Necromancy
 - Level 1.0 Translocations
 + Level 1.2 Poison Magic


You had 4 spell levels left.
You knew the following spells:

 Your Spells              Type           Power        Failure   Level  Hunger
a - Magic Dart            Conj           ###.         3%          1    None
b - Blink                 Tloc           N/A          16%         2    ##.....
s - Mephitic Cloud        Conj/Pois/Air  #.......     26%         3    ###....


Dungeon Overview and Level Annotations

Branches:
Dungeon (4/15)
 Temple: D:4-7

Altars:
Ashenzari
Cheibriados
Elyvilon
Gozag
Kikubaaqudgha
Nemelex Xobeh
Sif Muna
Trog
Vehumet
Wu Jian
Zin


Innate Abilities, Weirdness & Mutations

You cannot wear boots.
Your serpentine skin is tough. (AC +1)
You have supernaturally acute eyesight. (SInv)
Armour fits poorly on your strangely shaped body.
Your system is resistant to poisons. (rPois)
You cover ground very slowly.
You have a slow metabolism.
You can spit poison.


Message History

The magic dart hits the river rat.
The river rat is almost dead.
The river rat closely misses you.
It was a potion of cancellation.
Your magical effects are unravelling.
You feel magically purged.
Your resistance to elements expires.
The river rat barely misses you.
It was a potion of agility.
You feel agile all of a sudden. The river rat bites you.
* * * LOW HITPOINT WARNING * * *
It was a potion of haste.
You feel yourself speed up. The river rat closely misses you.
It was a potion of degeneration.
There was something very wrong with that liquid.
You feel weakened.
You feel dopey.
You feel clumsy. The river rat bites you.
You die...
Kikubaaqudgha rasps: "You have failed me!
Welcome... death!"

#. #.# #.#
#.# #.# #.#
#.#########
#.rr@...?.#
#.#######.#
#..$......#
#†.S......#
#≈≈≈.r....#
#≈≈r≈r≈...#
##+##S≈...#
≈≈...# ≈≈.


You could see 2 river rats.

Vanquished Creatures
  Jessica (D:3)
  3 adders
  2 oozes
  2 worms (D:2)
  2 dart slugs
  4 leopard geckos
  2 ball pythons (D:4)
  3 giant cockroaches
  6 goblins
  6 hobgoblins
  4 jackals
  7 kobolds
  A quokka (D:2)
  7 bats
  3 frilled lizards
  6 rats
59 creatures vanquished.

Notes
Turn   | Place    | Note
-------+----------+-------------------------------------------
     0 | D:1      | GameOver the Naga Wizard began the quest for the Orb.
     0 | D:1      | Reached XP level 1. HP: 15/15 MP: 4/4
   128 | D:1      | Reached XP level 2. HP: 22/22 MP: 0/6
   501 | D:2      | Reached XP level 3. HP: 28/28 MP: 0/7
   505 | D:2      | Learned a level 2 spell: Blink
   509 | D:2      | Learned a level 3 spell: Mephitic Cloud
   634 | D:2      | Reached skill level 4 in Stealth
   825 | D:2      | Reached XP level 4. HP: 36/36 MP: 5/8
   835 | D:2      | Found an opulent altar of Gozag.
   921 | D:2      | Found an ancient bone altar of Kikubaaqudgha.
   921 | D:2      | Found a deep blue altar of Sif Muna.
   923 | D:2      | Found a radiant altar of Vehumet.
   927 | D:2      | Became a worshipper of Kikubaaqudgha
   928 | D:2      | Identified Kikubaaqudgha's Guide on Unholy Secrets
  1165 | D:3      | Noticed Jessica
  1171 | D:3      | Killed Jessica
  1201 | D:3      | Reached skill level 1 in Poison Magic
  1271 | D:3      | Found a snail-covered altar of Cheibriados.
  1420 | D:3      | Found a glowing silver altar of Zin.
  1431 | D:3      | Found a shattered altar of Ashenzari.
  1432 | D:3      | Found an ornate altar of the Wu Jian Council.
  1433 | D:3      | Found a bloodstained altar of Trog.
  1434 | D:3      | Found a sparkling altar of Nemelex Xobeh.
  1435 | D:3      | Found a white marble altar of Elyvilon.
  1462 | D:3      | Reached XP level 5. HP: 39/42 MP: 3/9
  1898 | D:4      | HP: 2/42 [river rat (1)]
  1900 | D:4      | Slain by a river rat

Vault maps used:
D:1:      mrwooster_arrival_arrow, solitary_fountain
D:2:      grunt_temple_overflow_magic_moments, lemuel_doored_altar,
          dk_vineyard_2, hangedman_feature_mirror
D:3:      kennysheep_slug_shrine, grunt_temple_overflow_open, uniq_jessica
D:4:      portal_sewer_entry_e, first_ration, nicolae_gozag_seed_capital

Skill      XL: |  1  2  3  4 |
---------------+-------------+-----
Conjurations   | 2 3 |  3.7
Stealth        | 4 |  4.9
Poison Magic   | 1 |  1.2
Dodging        | |  1.5
Spellcasting   | |  3.0
Summonings     | |  1.0
Necromancy     | |  0.9
Translocations | |  1.0

Action                   |  1- 3 |  4- 6 || total
-------------------------+-------+-------++-------
Melee: Short sword       |     8 |     3 ||    11
       Spear             |       |     9 ||     9
 Cast: Magic Dart        |    52 |    48 ||   100
 Abil: Spit Poison       |    23 |    21 ||    44
  Use: Scroll            |       |     5 ||     5
       Potion            |       |     5 ||     5
  Eat: Chunk             |     1 |     4 ||     5
Armor: Robe              |    10 |     7 ||    17
Dodge: Dodged            |    11 |    23 ||    34

Table legend:
 A = Spawn XP
 B = Non-spawn XP
 C = Spawn XP percentage of total XP
 D = Spawn monster count
 E = Non-spawn monster count
 F = Spawn count percentage of total count
 G = Total turns spent on level
                    A         B        C        D         E        F      G
               +---------+---------+-------+---------+---------+-------+---------
         Total |       0 |     193 |   0.0 |       0 |      59 |   0.0 |  1900
               +---------+---------+-------+---------+---------+-------+---------
           D:1 |       0 |      22 |   0.0 |       0 |      12 |   0.0 |   419
           D:2 |       0 |      69 |   0.0 |       0 |      25 |   0.0 |   715
           D:3 |       0 |      84 |   0.0 |       0 |      17 |   0.0 |   725
           D:4 |       0 |      18 |   0.0 |       0 |       5 |   0.0 |    41
               +---------+---------+-------+---------+---------+-------+---------
